 Dungeon Crawl Stone Soup version 0.27.1-2-g3b301248ec (webtiles) character file.

Game seed: 16569832221612470722

39 jlumianski the Covered (level 3, -14/34 HPs)
             Began as a Deep Dwarf Fighter on Oct 5, 2021.
             Demolished by an ogre (16 damage)
             ... on level 1 of the Dungeon.
             The game lasted 00:04:27 (984 turns).

jlumianski the Covered (Deep Dwarf Fighter)          Turns: 984, Time: 00:04:27

Health: -14/34     AC:  7    Str: 20    XL:     3   Next: 28%
Magic:  3/3        EV:  7    Int:  8    God:
Gold:   9          SH:  9    Dex: 12    Spells: 2/2 levels left

rFire    . . .     SeeInvis .   a - +0 war axe
rCold    . . .     Faith    .   c - +0 kite shield
rNeg     + . .     Spirit   .   b - +0 scale mail
rPois    .         Reflect  .   (no helmet)
rElec    .         Harm     .   (no cloak)
rCorr    .         Rampage  .   (no gloves)
Will     .....                  (no boots)
Stlth    ..........             (no amulet)
HPRegen  0.00/turn              e - ring of positive energy
MPRegen  0.08/turn              h - ring of flight

@: flying
A: damage resistance, heal wounds, sense surroundings 1, no regeneration
a: Heal Wounds


You were on level 1 of the Dungeon.
You visited 1 branch of the dungeon, and saw 2 of its levels.

You collected 9 gold pieces.

Inventory:

Hand Weapons
 a - a +0 war axe (weapon)
Missiles
 j - 20 stones
 l - 16 poisoned darts (quivered)
Armour
 b - a +0 scale mail (worn)
 c - a +0 kite shield (worn)
Jewellery
 e - a ring of positive energy (left hand)
 h - a ring of flight (right hand)
Scrolls
 f - a scroll of amnesia {unknown}
 i - a scroll of torment {unknown}
Potions
 d - a potion of might
 g - a potion of degeneration {unknown}
 k - a potion of mutation {unknown}
 m - a potion of curing {unknown}
 n - a potion of flight {unknown}
 o - a potion of invisibility {unknown}


   Skills:
 + Level 3.1 Fighting
 + Level 2.7 Axes
 + Level 3.7 Armour
 + Level 0.5 Dodging
 + Level 3.6 Shields


You had 2 spell levels left.
You didn't know any spells.
Your spell library contained the following spells:

 Spells                   Type           Power      Damage    Failure   Level
 Hailstorm                Conj/Ice       0%         3d3       100%        4
 Ice Form                 Ice/Tmut       0%         N/A       100%        4
 Simulacrum               Ice/Necr       0%         N/A       100%        6


Dungeon Overview and Level Annotations

Branches:
Dungeon (2/15)

Altars:


Innate Abilities, Weirdness & Mutations

You are resistant to damage.
You can heal yourself by infusing magical energy.
You passively map a small area around you.
You do not regenerate.


Message History

The jackal completely misses you. You block the jackal's attack.
You slash the jackal!
You kill the jackal!
The jackal barely misses you.
You closely miss the jackal. You block the jackal's attack.
The jackal bites you.
You hit the jackal.
The jackal is heavily wounded.
The jackal barely misses you. You block the jackal's attack.
You closely miss the jackal.
The jackal is heavily wounded.
The jackal bites you but does no damage.
You block the jackal's attack. x2
You hit the jackal but do no damage.
The jackal is heavily wounded.
The jackal bites you but does no damage.
The jackal barely misses you.
You closely miss the jackal.
The jackal is heavily wounded.
The jackal bites you but does no damage. x2
You barely miss the jackal.
The jackal is heavily wounded.
You block the jackal's attack.
The jackal bites you but does no damage.
The jackal bites you.
You slash the jackal!
You kill the jackal!
You block the ogre's attack.
You barely miss the ogre. You block the ogre's attack.
You hit the ogre but do no damage. You block the ogre's attack.
You hit the ogre.
The ogre is lightly wounded.
The ogre barely misses you.
You hit the ogre.
The ogre is moderately wounded.
The ogre hits you with a +0 giant spiked club!
* * * LOW HITPOINT WARNING * * *
The ogre hits you with a +0 giant spiked club!!
You die...

......#.# #####.#.#
......#.# ##############
#######.# #............#
......#.# #.##########.#
#####.#.###.#....# #.#
#.#...#.##.#h# #.#
#.###.#.#hh#O# #.#
#.#.......O#@#####.#
#.#.#.#.#..#.......#
#####.#.#.#.#..#########
..............>.....#
###.#.#.#.#.#.)#.##.# #
#.#.#...#.#.....#.#
###.#.###...##.##.#.#
.##.#.............#.#
....#.#####.#.#####.#


You could see an ogre and a jackal.

Vanquished Creatures
  A gnoll (D:1)
  3 ball pythons (D:1)
  4 endoplasms (D:1)
  A giant cockroach (D:1)
  3 goblins (D:1)
  2 hobgoblins (D:1)
  2 jackals (D:1)
  5 kobolds (D:1)
  2 bats (D:1)
  2 frilled lizards (D:1)
  2 rats (D:1)
27 creatures vanquished.

Notes
Turn   | Place    | Note
-------+----------+-------------------------------------------
     0 | D:1      | jlumianski the Deep Dwarf Fighter began the quest for the
                  | Orb.
     0 | D:1      | Reached XP level 1. HP: 20/20 MP: 1/1
    19 | D:1      | Found a faded altar of an unknown god.
   108 | D:1      | Reached XP level 2. HP: 24/27 MP: 2/2
   723 | D:1      | Reached XP level 3. HP: 26/34 MP: 3/3
   950 | D:2      | Noticed an ogre
   984 | D:1      | Demolished by an ogre

Illustrated notes

Levels and vault maps discovered:
D:1:      lemuel_arrival_room, layout_basic,
          shapermc_ecumenical_altar_totnotflames
D:2:      layout_rooms, uniq_sigmund

Skill      XL: |  1  2 |
---------------+-------+-----
Fighting       | 3 |  3.1
Axes           | |  2.7
Armour         | |  3.7
Dodging        | |  0.5
Shields        | |  3.6

Action                   || total
-------------------------++-------
Melee: War axe           ||    84
Armor: Scale mail        ||    40
Dodge: Dodged            ||    30
Block: Kite shield       ||    56
